 Dungeon Crawl Stone Soup version 0.21-a0-440-g28109cb (webtiles) character file.

128966 chasm the Brawler (level 16, -2/255 HPs)
             Began as a Troll Monk on Nov 10, 2017.
             Was a High Priest of Trog.
             Slain by a 13-headed hydra (19 damage)
             ... called by a spriggan druid
             ... on level 2 of the Swamp on Nov 11, 2017.
             The game lasted 00:51:01 (31509 turns).

chasm the Brawler (Troll Monk)                     Turns: 31509, Time: 00:51:02

Health: -2/255     AC: 15    Str: 35    XL:     16   Next: 49%
Magic:  0/15       EV: 15    Int:  6    God:    Trog [*****.]
Gold:   929        SH: 12    Dex: 14    Spells: 15/15 levels left

rFire    . . .     SeeInvis .     - Unarmed
rCold    + . .     Gourm    +   l - +0 shield
rNeg     + + .     Faith    .   Y - +0 swamp dragon scales
rPois    +         Spirit   +   N - +2 hat
rElec    .         Reflect  .   j - +2 cloak "Heits" {rN++ Str+2 Dex+2}
rCorr    .         Harm     .   (gloves unavailable)
MR       ++...                  (boots unavailable)
Stlth    ..........             s - amulet of guardian spirit
HPRegen  0.92/turn              K - ring of protection from cold
MPRegen  0.14/turn              B - ring of protection from magic

@: berserking, slow
A: unfitting armour, claws 3, fast metabolism 3, gourmand, regeneration 1,
shaggy fur 1, tough skin 2
a: Berserk, Trog's Hand, Brothers in Arms, Burn Spellbooks, Renounce Religion


You were on level 2 of the Swamp.
You worshipped Trog.
Trog was extremely pleased with you.
You were not hungry.

You visited 5 branches of the dungeon, and saw 26 of its levels.
You also visited: Ice Cave.

You collected 2453 gold pieces.
You spent 1524 gold pieces at shops.

Inventory:

Missiles
 r - 8 javelins
 P - 27 large rocks (quivered)
 W - 3 silver javelins
Armour
 j - the +2 cloak "Heits" (worn) {rN++ Str+2 Dex+2}
   (You bought it in a shop on level 6 of the Dungeon)

   It affects your strength (+2).
   It affects your dexterity (+2).
   It greatly protects you from negative energy.
 l - a +0 shield (worn)
 I - a +2 robe of magic resistance
 J - a +0 cloak of poison resistance
 N - a +2 hat (worn)
 Y - +0 swamp dragon scales (worn)
Jewellery
 n - an uncursed ring of ice
 p - an uncursed ring of see invisible
 s - an amulet of guardian spirit (around neck)
 B - a ring of protection from magic (right claw)
 K - a ring of protection from cold (left claw)
 Z - an uncursed ring of protection from magic
Wands
 e - a wand of lightning (11/15)
 h - a wand of iceblast (15/15)
 D - a wand of acid (1/15)
 G - a wand of acid (11/15)
 L - a wand of digging (17/24)
 O - a wand of paralysis (8/24)
Scrolls
 c - 3 scrolls of identify
 d - 17 scrolls of remove curse
 f - 2 scrolls of blinking
 m - 6 scrolls of teleportation
 o - 5 scrolls of recharging
 w - 4 scrolls of immolation
 y - 4 scrolls of enchant weapon
 F - 3 scrolls of fog
 H - 3 scrolls of enchant armour
 M - 5 scrolls of magic mapping
 R - a scroll of brand weapon
 U - a scroll of fear
Potions
 a - a potion of cancellation
 i - 4 potions of lignification
 q - a potion of heal wounds
 t - 3 potions of brilliance
 x - a potion of berserk rage
 z - 8 potions of curing
 A - 4 potions of flight
 C - 2 potions of might
 E - 3 potions of magic
 Q - a potion of invisibility
 S - 3 potions of mutation
 V - 4 potions of haste
 X - a potion of ambrosia
Miscellaneous
 u - a phial of floods
Comestibles
 b - 19 bread rations
 g - 9 meat rations
 k - 36 fruits
 v - 10 royal jellies


   Skills:
 + Level 13.6 Fighting
 - Level 5.1 Throwing
 + Level 0.5 Armour
 - Level 10.6 Dodging
 - Level 1.0 Stealth
 - Level 9.0 Shields
 + Level 18.3 Unarmed Combat


You had 15 spell levels left.
You didn't know any spells.

Dungeon Overview and Level Annotations

Branches:
Dungeon (15/15) Temple (1/1) D:4 Lair (6/6) D:8 Swamp (2/4) Lair:3 Spider (0/4) Lair:4 Slime (0/5) Lair:6 Orc (2/2) D:9 Elf (0/3) Orc:2 Vaults (0/5) D:12 D:13 Depths (0/5) D:15

Altars:
Ashenzari
Cheibriados
Dithmenos
Elyvilon
Fedhas
Gozag
Hepliaklqana
Kikubaaqudgha
Makhleb
Nemelex Xobeh
Okawaru
Qazlal
Ru
Sif Muna
Trog
Uskayaw
Vehumet
Wu Jian
Xom
Yredelemnul
Zin
The Shining One

Shops:
D:6 [!:   D:9 (   D:15 :   Orc:2 *[:(?

Portals:
Trove: D:13 (give +7 demon whip)

Annotations:
D:2 2 transporters
D:6 exclusion: oklob plant
Lair:1 exclusion: 2 oklob plants
Lair:6 exclusion: oklob plant


Innate Abilities, Weirdness & Mutations

You are too large for most types of armour.
You have claws for hands.
Your metabolism is lightning-fast.
You like to eat raw meat.
Your natural rate of healing is unusually fast.
You are covered in fur. (AC +1)
You have very tough skin. (AC +2)


Message History

* * * LOW HITPOINT WARNING * * *
You block the 12-headed hydra's attack. The 12-headed hydra bites you.
* * * LOW HITPOINT WARNING * * *
The 12-headed hydra bites you!!
* * * LOW HITPOINT WARNING * * *
The 12-headed hydra misses you. You block the 12-headed hydra's attack.
The 12-headed hydra bites you!
* * * LOW HITPOINT WARNING * * *
The spriggan rider hits you from afar with a spear.
* * * LOW HITPOINT WARNING * * *
You barely miss the 12-headed hydra.
The 12-headed hydra is moderately wounded.
Unknown command.
You rip one of the 12-headed hydra's heads off!
The 11-headed hydra grows two more!
You scratch the 13-headed hydra.
The 13-headed hydra is moderately wounded.
A tree reaches out and hits you!
* * * LOW HITPOINT WARNING * * *
You block the 13-headed hydra's attack. The 13-headed hydra bites you!!
You die...

..≈.≈≈.
≈≈≈≈≈≈≈
≈≈≈≈≈§i
≈≈≈≈≈.i
≈≈≈≈§[≈
≈≈≈....
≈≈≈≈≈≈.♣♣♣♣♣
.≈..i≈≈:...♣♣
...♣♣♣.≈≈ii@♣
♣≈≈≈≈D♣♣
♣≈≈≈≈≈.♣♣
♣.≈≈≈≈..♣♣♣♣♣
♣.≈≈≈≈≈...≈.♣♣
♣♣.≈≈≈≈≈≈≈≈≈.♣
♣.§≈≈≈≈≈≈≈.♣♣
♣♣..≈..♣♣♣♣♣♣
♣≈..≈...♣♣♣≈♣


You could see a 13-headed hydra, a spriggan rider, a spriggan druid and a
spriggan.

Vanquished Creatures
  Rupert (D:13)
  Gastronok (Lair:1)
  An orc warlord (Orc:2)
  Nessos (D:13)
  Erolcha (D:10)
  5 hydras
  Erica (D:10)
  An alligator (Swamp:2)
  2 centaur warriors
  10 two-headed ogres
  A catoblepas (Lair:3)
  An ogre mage (D:15)
  13 death yaks
  3 orc high priests (Orc:2)
  The ghost of Megalobster the Grappler, a novice TrMo of Wu Jian (D:8)
  Nergalle (Lair:4)
  5 skeletal warriors (D:12)
  A spriggan druid (Swamp:2)
  A lindwurm (Lair:4)
  The ghost of Megalobster the Ruffian, a novice TrMo of Nemelex Xobeh (D:6)
  2 unseen horrors
  3 orc knights
  5 swamp dragons
  A deep elf mage (D:13)
  2 orc sorcerers
  2 wolf spiders (D:15)
  11 ugly things
  23 slime creatures
  A salamander (D:15)
  4 cyclopes
  Maurice (D:10)
  3 manticores
  The ghost of spideysense the Cleaver, a novice MiFi (D:4)
  11 elephants
  An ice statue (IceCv)
  A gargoyle (D:14)
  6 black mambas
  14 spiny frogs
  Psyche (D:8)
  4 kobold demonologists (D:14)
  12 komodo dragons
  A swamp worm zombie (Swamp:2)
  5 rime drakes
  A freezing wraith (D:12)
  4 hornets
  15 polar bears
  8 trolls
  Prince Ribbit (D:6)
  A jumping spider (Lair:4)
  A dream sheep (shapeshifter) (D:15)
  2 tyrant leeches
  6 blink frogs
  16 hippogriffs
  3 bog bodies
  9 dream sheep (Lair:6)
  A centaur simulacrum (D:15)
  68 yaks
  3 shadows
  A redback (Lair:4)
  11 spriggans
  3 wyverns
  7 basilisks
  16 humans
  A tyrant leech zombie (Swamp:2)
  2 wraiths (D:11)
  A hungry ghost (D:12)
  6 vampire mosquitoes
  2 wargs (Orc:2)
  6 swamp worms
  3 acid dragons
  17 water moccasins
  2 spiny frog zombies (Swamp:2)
  A swamp drake (Swamp:1)
  5 black bears
  34 orc warriors
  4 ice beasts
  9 porcupines
  3 sky beasts
  10 ogres
  44 wolves
  23 centaurs
  3 boggarts (Lair:6)
  13 crocodiles
  4 big kobolds
  18 bullfrogs
  2 gnoll sergeants
  Blork the orc (D:4)
  3 wyvern skeletons (D:13)
  A troll zombie (Swamp:2)
  3 killer bees (D:6)
  5 scorpions
  8 wights
  An electric eel (Lair:1)
  4 howler monkeys
  7 crimson imps
  3 centaur zombies
  3 bullfrog zombies
  4 jellies
  3 hounds
  A bullfrog skeleton (D:5)
  22 orc priests
  3 quasits
  3 centaur skeletons
  32 orc wizards
  4 iguanas
  9 worker ants
  4 hell rats (Lair:2)
  3 worker ant zombies
  Robin (D:2)
  10 gnolls
  A howler monkey skeleton (D:10)
  8 river rats (Lair:2)
  19 adders
  3 shadow imps
  5 oozes
  3 adder zombies
  An adder skeleton (D:6)
  6 worms
  2 dart slugs (D:1)
  4 leopard geckos
  94 orcs
  10 bats
  5 giant cockroaches
  7 goblins
  13 hobgoblins
  12 jackals
  6 quokkas
  2 ball pythons
  3 frilled lizards
  2 jackal zombies (D:5)
  15 kobolds
  A leopard gecko skeleton (D:8)
  A quokka zombie (D:8)
  8 rats
926 creatures vanquished.

Vanquished Creatures (collateral kills)
  A white draconian (IceCv)
  A death yak (Lair:4)
  An orc high priest (Orc:2)
  5 spriggans (Lair:6)
  3 orc knights (Orc:2)
  3 ugly things (D:14)
  2 orc sorcerers (Orc:2)
  3 hornets (Lair:6)
  4 polar bears
  A slime creature (D:14)
  6 yaks
  3 vampire mosquitoes (D:14)
  8 orc warriors (Orc:2)
  A boggart (Lair:6)
  4 wolves (Lair:6)
  A crimson imp (D:14)
  4 orc priests (Orc:2)
  11 orc wizards (Orc:2)
  6 orcs (Orc:2)
68 creatures vanquished.

Vanquished Creatures (others)
  A wizard (D:9)
  A bush (Lair:4)
  26 fungi
  13 plants
  6 withered plants (Swamp:2)
47 creatures vanquished.

Grand Total: 1041 creatures vanquished

Notes
Turn   | Place    | Note
-------+----------+-------------------------------------------
     0 | D:1      | chasm the Troll Monk began the quest for the Orb.
     0 | D:1      | Reached XP level 1. HP: 22/22 MP: 0/0
   282 | D:1      | Reached XP level 2. HP: 29/29 MP: 1/1
   561 | D:1      | Reached XP level 3. HP: 33/36 MP: 2/2
   702 | D:1      | Reached skill level 4 in Unarmed Combat
  1161 | D:2      | Reached XP level 4. HP: 36/45 MP: 3/3
  1194 | D:2      | Noticed an ogre
  1265 | D:2      | Killed an ogre
  1265 | D:2      | Reached skill level 5 in Unarmed Combat
  1265 | D:2      | Reached XP level 5. HP: 36/53 MP: 4/4
  1455 | D:2      | Found an ancient bone altar of Kikubaaqudgha.
  1485 | D:2      | Found a basalt altar of Yredelemnul.
  1485 | D:2      | Found a transporter.
  1486 | D:2      | Noticed a centaur
  1493 | D:2      | Found a transporter.
  1785 | D:2      | Found a stormy altar of Qazlal.
  1795 | D:2      | Noticed Robin
  1796 | D:2      | Killed Robin
  2287 | D:3      | Reached XP level 6. HP: 61/62 MP: 5/5
  2474 | D:3      | Found a bloodstained altar of Trog.
  2909 | D:4      | Reached skill level 6 in Unarmed Combat
  2961 | D:4      | Found a staircase to the Ecumenical Temple.
  2985 | D:4      | Noticed spideysense's ghost (novice MiFi)
  3251 | D:4      | Killed spideysense's ghost
  3251 | D:4      | Reached skill level 7 in Unarmed Combat
  3251 | D:4      | Reached XP level 7. HP: 62/71 MP: 6/6
  3389 | D:4      | Found a glowing silver altar of Zin.
  3520 | D:4      | Noticed Blork the orc
  3524 | D:4      | Killed Blork the orc
  3645 | D:4      | Reached skill level 1 in Shields
  4167 | Temple   | Entered the Ecumenical Temple
  4255 | D:5      | Entered Level 5 of the Dungeon
  4291 | D:5      | Reached XP level 8. HP: 79/79 MP: 7/7
  4491 | D:5      | Reached skill level 8 in Unarmed Combat
  4725 | D:5      | Reached skill level 5 in Fighting
  5145 | D:6      | Found a sparkling altar of Nemelex Xobeh.
  5174 | D:6      | Noticed Megalobster's ghost (novice TrMo)
  5182 | D:6      | Killed Megalobster's ghost
  5182 | D:6      | Reached skill level 9 in Unarmed Combat
  5182 | D:6      | Reached XP level 9. HP: 78/88 MP: 8/8
  5253 | D:6      | Found a blossoming altar of Fedhas.
  5372 | D:6      | Found a hide-covered altar of Uskayaw.
  5372 | D:6      | Noticed an oklob plant
  5682 | D:6      | Found Waploce's Book Boutique.
  5730 | D:6      | Found Quno's Distillery.
  5747 | D:6      | Bought a potion of might for 56 gold pieces
  5777 | D:6      | Found a burning altar of Makhleb.
  5788 | D:6      | Found Jikag's Armour Emporium.
  5964 | D:6      | Found a glowing golden altar of the Shining One.
  6057 | D:6      | Reached skill level 5 in Shields
  6263 | D:7      | Noticed Prince Ribbit
  6272 | D:6      | Reached skill level 10 in Unarmed Combat
  6815 | D:6      | Killed Prince Ribbit
  6946 | D:7      | Found a hazy altar of Hepliaklqana.
  7273 | D:7      | Reached XP level 10. HP: 69/100 MP: 9/9
  7593 | D:8      | Noticed Megalobster's ghost (novice TrMo)
  7610 | D:8      | Killed Megalobster's ghost
  7864 | D:8      | Found a staircase to the Lair.
  7887 | D:8      | Reached skill level 11 in Unarmed Combat
  7964 | D:8      | Noticed Psyche
  7976 | D:8      | Killed Psyche
  8779 | D:9      | Noticed a two-headed ogre
  8797 | D:9      | Killed a two-headed ogre
  8928 | D:9      | Reached XP level 11. HP: 104/109 MP: 10/10
  8951 | D:9      | Found Asul's Weapon Emporium.
  8951 | D:9      | Found a staircase to the Orcish Mines.
  9299 | D:9      | Reached skill level 12 in Unarmed Combat
  9362 | D:9      | Found an ornate altar of the Wu Jian Council.
  9419 | D:9      | Found a bloodstained altar of Trog.
  9420 | D:9      | Noticed a wizard
  9425 | D:9      | Became a worshipper of Trog the Wrathful
  9425 | D:9      | Reached * piety under Trog
  9425 | D:9      | Reached ** piety under Trog
  9426 | D:9      | Killed a wizard
  9510 | D:9      | Found an iron altar of Okawaru.
  9510 | D:9      | Found a shadowy altar of Dithmenos.
  9564 | D:10     | Entered Level 10 of the Dungeon
  9626 | D:10     | Noticed Maurice
  9661 | D:10     | Killed Maurice
  9738 | D:10     | Noticed Erica
  9753 | D:10     | Killed Erica
 10096 | D:10     | Noticed Erolcha
 10127 | D:10     | Reached *** piety under Trog
 10144 | D:10     | Killed Erolcha
 10501 | Lair:1   | Entered Level 1 of the Lair of Beasts
 10588 | Lair:1   | Noticed an oklob plant
 10882 | Lair:1   | Reached skill level 13 in Unarmed Combat
 10920 | Lair:1   | Noticed Gastronok
 10930 | Lair:1   | Killed Gastronok
 11044 | Lair:1   | Reached XP level 12. HP: 97/122 MP: 11/11
 11923 | Lair:2   | Noticed an eight-headed hydra
 11997 | Lair:2   | Killed a 13-headed hydra
 12012 | Lair:2   | Reached skill level 14 in Unarmed Combat
 12070 | Lair:2   | Noticed a four-headed hydra
 12079 | Lair:2   | Killed a seven-headed hydra
 12088 | Lair:2   | Found a frozen archway.
 12176 | IceCv    | Entered an ice cave
 12352 | IceCv    | Reached **** piety under Trog
 12880 | IceCv    | Reached skill level 15 in Unarmed Combat
 13462 | IceCv    | Noticed a white draconian
 13462 | IceCv    | Noticed a death yak
 13468 | IceCv    | Killed a death yak
 13472 | IceCv    | Killed a white draconian
 13472 | IceCv    | Reached skill level 5 in Dodging
 13472 | IceCv    | Reached XP level 13. HP: 110/131 MP: 12/12
 13507 | IceCv    | Identified Sif Muna's Grimoire of Stones
 13851 | Lair:2   | Reached ***** piety under Trog
 15238 | Lair:3   | Found a staircase to the Swamp.
 15649 | Lair:4   | Found a hole to the Spider Nest.
 16481 | Lair:4   | Reached skill level 10 in Dodging
 16929 | Lair:4   | Noticed Nergalle
 16935 | Lair:4   | Killed Nergalle
 16935 | Lair:4   | Reached XP level 14. HP: 140/140 MP: 13/13
 17805 | Lair:5   | Reached skill level 10 in Fighting
 18313 | Lair:6   | Entered Level 6 of the Lair of Beasts
 18313 | Lair:6   | Found a staircase to the Slime Pits.
 18642 | Lair:6   | Received a gift from Trog
 18880 | Lair:6   | Reached skill level 16 in Unarmed Combat
 18983 | Lair:6   | Got a faintly humming robe
 18986 | Lair:6   | Identified the +1 robe of Snakes and Ladders {*Corrode +Blink Str+2} (You found it on level 6 of the Lair of Beasts)
 19456 | Lair:6   | Found a stormy altar of Qazlal.
 19636 | Lair:6   | Received a gift from Trog
 20100 | Orc:1    | Entered Level 1 of the Orcish Mines
 20171 | Orc:1    | You fall through a shaft!
 20171 | Orc:2    | Entered Level 2 of the Orcish Mines
 20479 | Orc:2    | Found a staircase to the Elven Halls.
 20543 | Orc:2    | Noticed an orc warlord
 20550 | Orc:2    | Reached XP level 15. HP: 95/154 MP: 14/14
 20738 | Orc:2    | Found Usiown's Magic Scroll Boutique.
 21318 | Orc:2    | Received a gift from Trog
 21352 | Orc:2    | Killed an orc warlord
 21554 | Orc:2    | Found Pol Geqo's Antique Armour Shop.
 21555 | Orc:2    | Found Ytae's Antique Weapon Boutique.
 21556 | Orc:2    | Found Gases Weuwio's General Store.
 21556 | Orc:2    | Found Offauv's Book Shop.
 21842 | Orc:2    | Bought a scroll of enchant armour for 112 gold pieces
 21842 | Orc:2    | Bought a scroll of teleportation for 45 gold pieces
 21842 | Orc:2    | Bought a scroll of magic mapping for 52 gold pieces
 21842 | Orc:2    | Bought 2 scrolls of blinking for 225 gold pieces
 21842 | Orc:2    | Bought a scroll of teleportation for 45 gold pieces
 21918 | Orc:2    | Bought a scroll of magic mapping for 45 gold pieces
 21920 | Orc:2    | Bought an uncursed amulet of guardian spirit for 390 gold pieces
 22185 | Orc:1    | Found a burning altar of Makhleb.
 22426 | D:6      | Bought a potion of heal wounds for 70 gold pieces
 22426 | D:6      | Identified a scroll of acquirement
 22844 | D:11     | Found a shimmering altar of Xom.
 23142 | D:11     | Received a gift from Trog
 23142 | D:11     | Reached skill level 17 in Unarmed Combat
 24550 | D:13     | Found a gate to the Vaults.
 24550 | D:13     | Noticed Rupert
 24550 | D:13     | Noticed Nessos
 24823 | D:13     | Found a shadowy altar of Dithmenos.
 25124 | D:13     | Killed Rupert
 25303 | D:13     | Got a pitted scarf
 25314 | D:13     | Identified the scarf "Rolitu" {MR+ Int+3} (You acquired it on level 13 of the Dungeon)
 25398 | D:13     | Killed Nessos
 25884 | D:13     | Found a portal to a secret trove of treasure.
 26062 | D:13     | Received a gift from Trog
 26540 | D:14     | Reached skill level 1 in Throwing
 27010 | D:14     | Received a gift from Trog
 27923 | D:15     | Entered Level 15 of the Dungeon
 27958 | D:15     | Found a staircase to the Depths.
 27965 | D:15     | Reached XP level 16. HP: 86/169 MP: 6/15
 28588 | D:6      | Bought the +2 cloak "Heits" {rN++ Str+2 Dex+2} for 484 gold pieces
 28884 | D:15     | Reached skill level 18 in Unarmed Combat
 29025 | D:15     | Received a gift from Trog
 29141 | D:15     | Found Quxiparpho's Book Shop.
 29704 | Swamp:1  | Entered Level 1 of the Swamp
 31223 | Swamp:2  | Reached skill level 5 in Throwing
 31233 | Swamp:2  | Received a gift from Trog
 31509 | Swamp:2  | Slain by a 13-headed hydra

Vault maps used:
D:1:      wheals_arrival_linesprint, minmay_pentomino_s2
D:2:      marbit_many_paths, gammafunk_temple_overflow_arena,
          nicolae_overflow_hidden_temple, uniq_robin
D:3:      lemuel_doored_altar
D:4:      old_standard_altar, temple_doors_e, first_bread, uniq_blork_the_orc
D:6:      lemuel_coloured_pillars_altar, fedhas_altar_3, tso_altar, basic_altar,
          serial_shops, nicolae_shop_trees, kennysheep_little_box,
          nicolae_shop_stone, lemuel_oklob_altar
D:7:      nicolae_overflow_crystal_walls, minmay_statues_item, lightli_minifort,
          uniq_prince_ribbit1
D:8:      lair_entry_dummy, uniq_psyche
D:9:      lemuel_round_altar, grunt_temple_overflow_open, orc_david_3,
          the_bakery, minmay_strange_pillars, trog_wizard
D:10:     uniq_erica, uniq_erolcha, uniq_maurice
D:11:     basic_altar
D:12:     kennysheep_ambush_hall
D:13:     david_vaults_3, enter_trove_0, nicolae_dithmenos_shadow_blocks
D:14:     nrook_uturn, hangedman_decor_points
D:15:     hangedman_depths_entry_try_elsewhere_first, grunt_decor_cap,
          serial_shops, shop
Temple:   eino_wide_crystal_templ
Lair:1:   lemuel_fruit_tree, minmay_lair_oklob_chamber, lemuel_fruit_fields,
          infiniplex_staircase_pool, uniq_gastronok
Lair:2:   portal_ice_cave_rime, kennysheep_abandoned_house, grunt_megastairs_1
Lair:3:   swamp_mist, grunt_megastairs_4
Lair:4:   spider_nest_entry_a, minivault_23, uniq_nergalle
Lair:5:   grunt_megastairs_5, lemuel_fruit_fields
Lair:6:   minmay_lair_end_enchanted_forest, slime_dummy, basic_altar
Swamp:1:  serial_swamp_ruin, evilmike_swamp_ruin_house_6,
          evilmike_swamp_ruin_house_5
Swamp:2:  cheibrodos_swamp_mausoleum, hangedman_swamp_cone
Orc:1:    basic_altar
Orc:2:    st_orc_congregation, serial_shops, nicolae_shop_crystal
IceCv:    ice_cave_caverns_01

Skill      XL: |  1  2  3  4  5  6  7  8  9 10 11 12 13 14 15 16 |
---------------+-------------------------------------------------+-----
Unarmed Combat | 4 5 7 9 10 11 13 15 16 17 18 | 18.3
Fighting       | 3 4 5 6 7 8 9 11 13 | 13.6
Shields        | 1 4 6 7 9 |  9.0
Dodging        | 5 10 | 10.6
Throwing       | 2 5 |  5.1
Armour         | |  0.5
Stealth        | |  1.0

Action                   |  1- 3 |  4- 6 |  7- 9 | 10-12 | 13-15 | 16-18 || total
-------------------------+-------+-------+-------+-------+-------+-------++-------
Melee: Unarmed           |    98 |   123 |   286 |   700 |  1538 |   316 ||  3061
       Punch             |     1 |     3 |     1 |       |       |       ||     5
Throw: Stone             |       |     2 |       |       |       |       ||     2
       Large rock        |       |       |       |       |       |     1 ||     1
Invok: Berserk           |       |       |       |     4 |    16 |     1 ||    21
       Trog's Hand       |       |       |       |     1 |     1 |       ||     2
       Brothers in Arms  |       |       |       |     1 |     9 |       ||    10
       Burn Spellbooks   |       |       |       |       |     2 |       ||     2
Evoke: Wand              |       |       |       |     4 |     3 |       ||     7
       Phial of floods   |       |       |       |       |     2 |       ||     2
  Use: Potion            |       |     6 |       |       |     7 |       ||    13
       Scroll            |       |       |       |    21 |    16 |     4 ||    41
 Stab: Distracted        |     1 |       |       |     3 |     2 |       ||     6
       Sleeping          |     4 |     3 |     1 |     2 |     3 |     1 ||    14
       Petrified         |       |       |       |       |     3 |       ||     3
  Eat: Chunk             |    16 |    19 |    37 |    56 |   125 |    21 ||   274
       Bread ration      |       |       |       |     1 |     5 |     1 ||     7
       Meat ration       |       |       |       |       |     1 |       ||     1
Armor: Robe              |    27 |    32 |    56 |   114 |   236 |    29 ||   494
       Swamp dragon scal |       |       |       |       |       |    13 ||    13
Dodge: Dodged            |    54 |    57 |   100 |   178 |   626 |   134 ||  1149
Block: Shield            |       |       |   136 |   318 |   755 |   136 ||  1345

Table legend:
 A = Spawn XP
 B = Non-spawn XP
 C = Spawn XP percentage of total XP
 D = Spawn monster count
 E = Non-spawn monster count
 F = Spawn count percentage of total count
 G = Total turns spent on level
                    A         B        C        D         E        F      G
               +---------+---------+-------+---------+---------+-------+---------
         Total |       0 |  184238 |   0.0 |       0 |     994 |   0.0 | 31509
               +---------+---------+-------+---------+---------+-------+---------
           D:1 |       0 |      69 |   0.0 |       0 |      31 |   0.0 |   974
           D:2 |       0 |     278 |   0.0 |       0 |      30 |   0.0 |  1100
           D:3 |       0 |      65 |   0.0 |       0 |      20 |   0.0 |   826
           D:4 |       0 |     932 |   0.0 |       0 |      24 |   0.0 |  1278
           D:5 |       0 |     648 |   0.0 |       0 |      24 |   0.0 |   829
           D:6 |       0 |    2876 |   0.0 |       0 |      34 |   0.0 |  2038
           D:7 |       0 |     436 |   0.0 |       0 |      14 |   0.0 |   390
           D:8 |       0 |    3362 |   0.0 |       0 |      46 |   0.0 |  1288
           D:9 |       0 |    3810 |   0.0 |       0 |      33 |   0.0 |  1280
          D:10 |       0 |    5696 |   0.0 |       0 |      47 |   0.0 |   993
          D:11 |       0 |    4530 |   0.0 |       0 |      28 |   0.0 |  1046
          D:12 |       0 |   11416 |   0.0 |       0 |      51 |   0.0 |  1249
          D:13 |       0 |   13637 |   0.0 |       0 |      52 |   0.0 |  1803
          D:14 |       0 |    8643 |   0.0 |       0 |      47 |   0.0 |  1477
          D:15 |       0 |   18142 |   0.0 |       0 |      44 |   0.0 |  1234
        Lair:1 |       0 |    4664 |   0.0 |       0 |      14 |   0.0 |  1452
        Lair:2 |       0 |    6946 |   0.0 |       0 |      37 |   0.0 |  1121
        Lair:3 |       0 |    6248 |   0.0 |       0 |      24 |   0.0 |  1339
        Lair:4 |       0 |   18090 |   0.0 |       0 |      46 |   0.0 |  1637
        Lair:5 |       0 |   10361 |   0.0 |       0 |      32 |   0.0 |  1065
        Lair:6 |       0 |   21458 |   0.0 |       0 |      95 |   0.0 |  1626
       Swamp:1 |       0 |    9073 |   0.0 |       0 |      28 |   0.0 |  1430
       Swamp:2 |       0 |    5370 |   0.0 |       0 |      15 |   0.0 |   375
         Orc:1 |       0 |    3135 |   0.0 |       0 |      22 |   0.0 |   370
         Orc:2 |       0 |   12870 |   0.0 |       0 |     101 |   0.0 |  1834
         IceCv |       0 |   11483 |   0.0 |       0 |      55 |   0.0 |  1378
               +---------+---------+-------+---------+---------+-------+---------
